 Dungeon Crawl Stone Soup version 0.30-a0-381-g6ea064c7b4 (webtiles) character file.

Game seed: 644172998624743370

6610 qeuew the Myrmidon (level 11, -21/94 HPs)
             Began as a Hill Orc Fighter on Dec 1, 2022.
             Was an Elder of Okawaru.
             Killed from afar by an acid dragon (32 damage)
             ... with a splash of acid
             ... on level 8 of the Dungeon.
             The game lasted 00:15:30 (9042 turns).

qeuew the Myrmidon (Hill Orc Fighter)               Turns: 9042, Time: 00:15:30

Health: -21/94     AC: 12    Str: 31    XL:     11   Next: 2%
Magic:  18/18      EV: 11    Int:  7    God:    Okawaru [****..]
Gold:   425        SH:  5    Dex: 11    Spells: 10/10 levels left

rFire   x . .      SeeInvis +    o - +5 war axe
rCold   . . .      Faith    .    c - +0 buckler
rNeg    + . .      Spirit   .    b - +1 scale mail
rPois   .          Reflect  .    n - +2 helmet
rElec   .          Harm     .    (no cloak)
rCorr   .          Rampage  .    (no gloves)
Will    .....                    (no boots)
Stlth   ..........               (no amulet)
HPRegen 0.35/turn                v - ring of positive energy
MPRegen 0.16/turn                r - ring "Soche" {Str+5 SInv}

@: no status effects
A: strong 1, heat vulnerability 1
a: Renounce Religion, Heroism, Finesse


You were on level 8 of the Dungeon.
You worshipped Okawaru.
Okawaru was greatly pleased with you.
You visited 1 branch of the dungeon, and saw 8 of its levels.
You also visited: Sewer and Bailey.

You collected 425 gold pieces.

Inventory:

Hand Weapons
 o - a +5 war axe (weapon)
Missiles
 w - a silver javelin (quivered)
Armour
 b - a +1 scale mail (worn)
 c - a +0 buckler (worn)
 n - a +2 helmet (worn)
Jewellery
 r - the ring "Soche" (right hand) {Str+5 SInv}
   (You found it on level 6 of the Dungeon)

   [ring of see invisible]

   Str:       It affects your strength (+5).
   SInv:      It lets you see invisible.
 v - a ring of positive energy (left hand)
Wands
 d - a wand of polymorph (12)
 m - a wand of mindburst (14)
 q - a wand of flame (18)
 y - a wand of iceblast (8)
 z - a wand of quicksilver (3)
Scrolls
 e - a scroll of enchant armour
 j - a scroll of fog
 u - 2 scrolls of teleportation
 A - a scroll of enchant weapon
 B - 2 scrolls of fear
Potions
 a - 3 potions of invisibility
 f - 4 potions of curing
 h - 6 potions of flight
 i - 2 potions of cancellation
 k - 4 potions of heal wounds
 l - 3 potions of mutation
 p - 6 potions of haste
 s - a potion of resistance
 t - a potion of might


   Skills:
 + Level 8.1 Fighting
 + Level 8.2 Axes
 * Level 5.0 Throwing
 + Level 7.3 Armour
 + Level 4.9 Dodging
 + Level 7.4 Shields
 * Level 10.6 Invocations
 + Level 5.0 Evocations


You had 10 spell levels left.
You didn't know any spells.
Your spell library contained the following spells:

 Spells                   Type           Power      Damage    Failure   Level
 Magic Dart               Conj           0%         1d3       73%         1
 Mephitic Cloud           Conj/Pois/Air  0%         N/A       97%         3
 Eringya's Noxious Bog    Tmut/Pois      0%         N/A       100%        6
 Call Imp                 Summ           Unusable   N/A       N/A         2
 Summon Forest            Summ/Tloc      Unusable   N/A       N/A         5
 Summon Hydra             Summ           Unusable   N/A       N/A         7

Dungeon Overview and Level Annotations

Branches:
Dungeon (8/15)             Temple (0/1) D:4           Sewer (visited)
 Bailey (visited)
   Lair: D:8-11

Altars:
Cheibriados
Kikubaaqudgha
Okawaru
Qazlal


Innate Abilities, Weirdness & Mutations

Your muscles are strong. (Str +4, Int/Dex -1)
You are vulnerable to heat. (rF-)


Message History

The killer bee barely misses you. The killer bee stings you.
You miss the killer bee.
You feel sick. The killer bee stings you.
You are more poisoned.
The killer bee poisons you! The killer bee stings you.
* * * LOW HITPOINT WARNING * * *
You closely miss the killer bee.
You feel very sick. You block the killer bee's attack.
The killer bee barely misses you. The killer bee stings you.
* * * LOW HITPOINT WARNING * * *
You are lethally poisoned!
The killer bee poisons you!
You feel better. The killer bee completely misses you.
The killer bee closely misses you.
You barely miss the killer bee. The killer bee closely misses you.
You block the killer bee's attack.
You miss the killer bee. You block the killer bee's attack.
The killer bee misses you.
You barely miss the killer bee. The killer bee stings you!
* * * LOW HITPOINT WARNING * * *
You are poisoned.
The killer bee poisons you! The killer bee stings you!
* * * LOW HITPOINT WARNING * * *
You block the killer bee's attack.
You slice the killer bee!!
You kill the killer bee!
Okawaru accepts your kill.
You feel sick.
You feel sick.
You see here a killer bee corpse.
You feel sick.
You feel sick.
You feel sick.
You feel sick.
You feel sick.
You are no longer poisoned.
An acid dragon comes into view.
The acid dragon spits acid at you. The splash of acid hits you!!
You die...

### #.. #.# ## #.# ..
#.# .# ##########.#
.#
#.......†..###.###.##
#.########..@†.......
#.### #.###.###.D.
#...# #.# .# ###.#
#.# .# #.# #.# .# #.#
#.# .# #.# #.# .# #.#
#. .. #.########


You could see an acid dragon (catching breath).

Vanquished Creatures
  Pikel (D:5)
  Prince Ribbit (D:5)
  3 orc warriors
  3 ice beasts
  3 sky beasts (D:6)
  A black bear (D:5)
  2 ogres
  3 lemures (D:5)
  2 phantoms (D:5)
  2 bullfrogs
  4 kobold brigands
  3 necrophages
  5 scorpions
  4 wights
  6 killer bees (D:8)
  3 hounds
  2 gnoll boudas
  2 jellies
  2 orc priests
  6 iguanas
  4 orc wizards
  21 gnolls
  16 adders
  6 shadow imps
  2 white imps
  An ufetubus (D:5)
  3 worms
  4 dart slugs
  46 orcs
  6 bats
  11 endoplasms
  6 giant cockroaches
  14 goblins
  7 hobgoblins
  7 jackals
  7 quokkas
  13 ball pythons
  6 frilled lizards
  26 kobolds
  7 rats
271 creatures vanquished.

Vanquished Creatures (others)
  2 fungi (Sewer)
  7 plants
9 creatures vanquished.

Grand Total: 280 creatures vanquished

Notes
Turn   | Place    | Note
-------+----------+-------------------------------------------
     0 | D:1      | qeuew the Hill Orc Fighter began the quest for the Orb.
     0 | D:1      | Reached XP level 1. HP: 19/19 MP: 1/1
   172 | D:1      | Reached XP level 2. HP: 27/27 MP: 2/2
   855 | D:1      | Reached XP level 3. HP: 33/33 MP: 3/3
  1148 | D:2      | Reached skill level 1 in Dodging
  1217 | D:2      | Reached XP level 4. HP: 6/40 MP: 4/4
  1221 | D:2      | HP: 3/60 [poisoned by an adder]
  1223 | D:2      | HP: 1/60 [poisoned by an adder]
  1232 | D:2      | HP: 3/60 [ball python (1)]
  1532 | D:2      | Found a faded altar of an unknown god.
  1572 | D:2      | Prayed at the altar of an unknown god.
  1572 | D:2      | Became a worshipper of Warmaster Okawaru
  1572 | D:2      | Reached * piety under Okawaru
  1898 | D:3      | Found a stormy altar of Qazlal.
  1900 | D:3      | Found an ancient bone altar of Kikubaaqudgha.
  1900 | D:3      | Found a snail-covered altar of Cheibriados.
  2090 | D:3      | Reached skill level 1 in Invocations
  2121 | D:3      | Reached XP level 5. HP: 44/47 MP: 4/6
  2241 | D:3      | Noticed an ice beast
  2248 | D:3      | Killed an ice beast
  2249 | D:3      | Reached skill level 2 in Invocations
  2393 | D:3      | Reached XP level 6. HP: 51/53 MP: 6/8
  2995 | D:3      | Gained mutation: You are vulnerable to heat. (rF-) [potion
                  | of mutation]
  2995 | D:3      | Gained mutation: Your muscles are strong. (Str +4, Int/Dex
                  | -1) [potion of mutation]
  3039 | D:4      | Reached skill level 3 in Invocations
  3329 | D:4      | Found a staircase to the Ecumenical Temple.
  3492 | D:4      | Reached skill level 5 in Fighting
  3508 | D:4      | Reached XP level 7. HP: 48/61 MP: 9/9
  3515 | D:4      | Reached skill level 4 in Invocations
  4004 | D:4      | Reached ** piety under Okawaru
  4157 | D:5      | Entered Level 5 of the Dungeon
  4178 | D:5      | Found a glowing drain.
  4205 | Sewer    | Entered a sewer
  4515 | Sewer    | Reached skill level 1 in Evocations
  4655 | Sewer    | Reached skill level 5 in Axes
  4655 | Sewer    | Reached skill level 5 in Invocations
  4655 | Sewer    | Reached XP level 8. HP: 56/69 MP: 11/11
  4725 | D:5      | Reached skill level 5 in Shields
  4726 | D:5      | Reached skill level 5 in Armour
  4882 | D:5      | Noticed Prince Ribbit
  4898 | D:5      | Reached skill level 6 in Invocations
  4904 | D:5      | Killed Prince Ribbit
  4904 | D:5      | Reached *** piety under Okawaru
  5153 | D:5      | Reached XP level 9. HP: 38/75 MP: 14/14
  5159 | D:5      | Reached skill level 7 in Invocations
  5571 | D:5      | Noticed Pikel
  5589 | D:5      | Killed Pikel
  5589 | D:5      | Reached **** piety under Okawaru
  5589 | D:5      | Received a gift from Okawaru
  5839 | D:5      | Reached skill level 10 in Invocations
  5839 | D:5      | Reached XP level 10. HP: 88/88 MP: 14/17
  6929 | D:6      | Identified the ring "Soche" {Str+5 SInv}
  7277 | D:7      | Found a flagged portal.
  7328 | Bailey   | Entered a bailey
  8364 | D:7      | Reached skill level 5 in Evocations
  8986 | D:8      | Reached skill level 5 in Throwing
  8989 | D:8      | Reached XP level 11. HP: 69/94 MP: 18/18
  9042 | D:8      | Killed from afar by an acid dragon

Illustrated notes

Levels and vault maps discovered:
D:1:      elethiomel_arrival_infinity_welcomes_careful_drivers, layout_basic
D:2:      layout_basic, shapermc_ecumenical_altar_starsandcircs, minmay_circle_x
D:3:      layout_loops_corners, grunt_temple_overflow_open,
          chequers_serial_rivers_micro_b, kennysheep_path_1
D:4:      minmay_general_purpose_star, layout_loops_ring,
          minmay_temple_entry_overgrown
D:5:      layout_cave_pools, portal_sewer_entry_f, hangedman_minor_gate_pass,
          uniq_pikel, uniq_prince_ribbit1
D:6:      layout_cave_pools
D:7:      layout_loops_ring, enter_bailey_4
D:8:      layout_loops_ring, uniq_erica, uniq_amaemon

Skill      XL: |  1  2  3  4  5  6  7  8  9 10 |
---------------+-------------------------------+-----
Axes           | 3 4 5 7 8 |  8.2
Fighting       | 4 5 6 7 8 |  8.1
Dodging        | 1 2 3 4 |  4.9
Invocations    | 1 2 3 5 6 10 | 10.6
Armour         | 4 5 7 |  7.3
Shields        | 4 5 7 |  7.4
Evocations     | 1 2 4 5 |  5.0
Throwing       | 4 5 |  5.0

Action                   |  1- 3 |  4- 6 |  7- 9 | 10-12 || total
-------------------------+-------+-------+-------+-------++-------
Melee: War axe           |   112 |   178 |   271 |   319 ||   880
Invok: Heroism           |       |     1 |     2 |     1 ||     4
       Finesse           |       |       |       |     1 ||     1
  Use: Scroll            |     5 |     5 |     4 |     5 ||    19
       Potion            |     2 |     5 |     7 |     2 ||    16
 Stab: Invisible         |       |       |       |    12 ||    12
Armor: Scale mail        |    46 |    81 |   185 |   169 ||   481
       Skin              |       |     2 |       |       ||     2
Dodge: Dodged            |    55 |    81 |   157 |   219 ||   512
Block: Buckler           |    20 |    44 |    79 |   102 ||   245

Table legend: (Time is in decaauts)
 A = Elapsed time spent in this place.
 B = Non-inter-level travel time spent in this place.
 C = Inter-level travel time spent in this place.
 D = Time resting spent in this place.
 E = Time spent auto-exploring this place.
 F = Levels seen in this place.
 G = Mean time per level.
                   A        B        C        D        E       F      G
               +--------+--------+--------+--------+--------+-----+--------+
         Total |   9267 |   9063 |    204 |    539 |   6737 |  10 |  926.7 |
       Dungeon |   7778 |   7574 |    204 |    539 |   5549 |   8 |  972.2 |
         Sewer |    541 |    541 |      0 |      0 |    361 |   1 |  541.0 |
        Bailey |    948 |    948 |      0 |      0 |    827 |   1 |  948.0 |
               +--------+--------+--------+--------+--------+-----+--------+

Top non-repeatable levels by time:
     D:5: 1682 daAuts
     D:4: 1163 daAuts
     D:3: 1152 daAuts
     D:1: 1038 daAuts
  Bailey: 948 daAuts
     D:2: 905 daAuts
     D:6: 903 daAuts
     D:7: 841 daAuts
   Sewer: 541 daAuts
     D:8: 90 daAuts
